 Dungeon Crawl Stone Soup version 0.29.0-7-g18a832c13a (webtiles) character file.

Game seed: 14672946206869544812

23 keekatzer the Grave Robber (level 2, -1/21 HPs)
             Began as a Mummy Necromancer on Aug 30, 2022.
             Slain by a hobgoblin (5 damage)
             ... on level 2 of the Dungeon.
             The game lasted 00:06:19 (1045 turns).

keekatzer the Grave Robber (Mummy Necromancer)      Turns: 1045, Time: 00:06:19

Health: -1/21      AC:  2    Str: 11    XL:     2   Next: 75%
Magic:  1/6        EV: 12    Int: 14    God:
Gold:   106        SH:  0    Dex: 18    Spells: 6/7 levels left

rFire   x . .      SeeInvis .   k - +0 dagger
rCold   + . .      Faith    .   (no shield)
rNeg    + + +      Spirit   .   a - +0 robe
rPois   ∞          Reflect  .   (no helmet)
rElec   .          Harm     .   (no cloak)
rCorr   .          Rampage  .   (no gloves)
Will    .....                   (no boots)
Stlth   +.........              (no amulet)
HPRegen 0.07/turn               h - +6 ring of dexterity
MPRegen 0.10/turn               (no ring)

@: silenced
A: cold resistance 1, negative energy resistance 3, torment resistance 2, heat
vulnerability 1, no potions
a: no special abilities


You were on level 2 of the Dungeon.
You visited 1 branch of the dungeon, and saw 2 of its levels.

You collected 106 gold pieces.

Inventory:

Hand Weapons
 e - a +0 short sword
 k - a +0 dagger (weapon)
Missiles
 c - 4 boomerangs (quivered)
Armour
 a - a +0 robe (worn)
 i - a +0 leather armour
Jewellery
 h - a +6 ring of dexterity (left hand)
Scrolls
 b - 2 scrolls of silence
 d - a scroll of fear {unknown}
 f - a scroll of butterflies {unknown}
 g - 2 scrolls of immolation {unknown}
 j - 2 scrolls of identify {unknown}
 l - a scroll of enchant weapon {unknown}


   Skills:
 + Level 1.0 Fighting
 - Level 1.5 Dodging
 - Level 1.5 Stealth
 + Level 3.1 Spellcasting
 * Level 4.4 Necromancy


You had 6 spell levels left.
You knew the following spells:

 Your Spells              Type           Power      Damage    Failure   Level
a - Necrotise             Necr           56%        1d6       3%          1

Your spell library contained the following spells:

 Spells                   Type           Power      Damage    Failure   Level
 Vampiric Draining        Necr           14%        2d7       10%         3
 Animate Dead             Necr           14%        N/A       32%         4
 Agony                    Necr           14%        N/A       67%         5
 Airstrike                Air            1%         2d(1-17)  91%         4
 Summon Lightning Spire   Summ/Air       2%         N/A       91%         4
 Lightning Bolt           Conj/Air       1%         1d12      99%         5


Dungeon Overview and Level Annotations

Branches:
Dungeon (2/15)

Altars:

Annotations:
D:2 Robin


Innate Abilities, Weirdness & Mutations

You are immune to poison.
Your flesh is cold resistant. (rC+)
You are immune to negative energy. (rN+++)
You are immune to unholy pain and torment.
You are vulnerable to heat. (rF-)
You do not drink.


Message History

Casting: Necrotise (safe; 3% risk of failure)
Confirm with . or Enter, or press ? or * to list all spells.
Aiming: Necrotise (safe; 3% risk of failure)
Press: ? - help, Shift-Dir - straight line, f/p - quokka
Aim: a quokka (heavily wounded, chance to affect: 84%)
The quokka writhes in agony.
The quokka completely misses you. The quokka barely misses you.
You barely miss the quokka.
The quokka is severely wounded.
The quokka closely misses you.
Robin of the Strong Arm comes into view.
They are wielding a +0 falchion.
Robin shouts!
You hit the quokka.
The quokka is almost dead.
You hear a shout! x3
The quokka bites you.
Robin roars a battlecry!
The hobgoblin goes into a battle-frenzy!
You barely miss the quokka.
The quokka is almost dead.
The quokka closely misses you.
You miss the quokka.
The quokka is almost dead.
The quokka closely misses you.
A hobgoblin comes into view.
You hit the quokka.
You kill the quokka!
A goblin comes into view. It is wielding a +0 dagger.
You barely miss the hobgoblin.
The goblin shouts!
You hear a shout! x2
The hobgoblin hits you.
You closely miss the hobgoblin. The hobgoblin hits you.
An adder comes into view.
Robin throws the goblin at you! The goblin hits you with a +0 dagger.
* * * LOW HITPOINT WARNING * * *
As you read the scroll labelled PAPHETINIZ, it crumbles to dust.
A profound silence engulfs you.
It was a scroll of silence.
The goblin barely misses you. The hobgoblin attacks as you move away!
The hobgoblin hits you.
You die...

.. .S #. #. #.
#g #. ###.g
#.## ...
#g@###g###
##gg†g...#
####.##..#
####### #.#
##.....## #.##
#......)# #..##
#.......# ##..#
.#. #......!#
###.#######....
##.()..##
#..............


You could see Robin, an adder (asleep), 2 hobgoblins and a goblin (strong).

Vanquished Creatures
  A dart slug (D:1)
  An endoplasm (D:1)
  A giant cockroach (D:1)
  5 goblins
  4 hobgoblins
  A kobold (D:1)
  A quokka (D:2)
  2 ball pythons
  A rat (D:1)
17 creatures vanquished.

Vanquished Creatures (collateral kills)
  An endoplasm (D:1)
1 creature vanquished.

Grand Total: 18 creatures vanquished

Notes
Turn   | Place    | Note
-------+----------+-------------------------------------------
     0 | D:1      | keekatzer the Mummy Necromancer began the quest for the
                  | Orb.
     0 | D:1      | Reached XP level 1. HP: 13/13 MP: 4/4
   607 | D:1      | Reached XP level 2. HP: 17/20 MP: 0/5
   992 | D:2      | Reached skill level 1 in Fighting
  1036 | D:2      | Noticed Robin
  1045 | D:2      | Slain by a hobgoblin

Illustrated notes

Levels and vault maps discovered:
D:1:      zelgadis_glass_arrival_small, layout_loops_ring
D:2:      layout_rooms, hellmonk_ecumenical_altar_leap_of_faith,
          minmay_goblin_kobold_house, uniq_robin

Skill      XL: |  1  2 |
---------------+-------+-----
Spellcasting   | 3 |  3.1
Fighting       | 1 |  1.0
Dodging        | |  1.5
Stealth        | |  1.5
Necromancy     | |  4.4

Action                   || total
-------------------------++-------
Melee: Unarmed           ||     8
       Punch             ||     1
       Dagger            ||    16
       Short sword       ||     6
 Cast: Necrotise         ||    28
  Use: Scroll            ||     1
 Stab: Sleeping          ||     3
Armor: Robe              ||     3
Dodge: Dodged            ||    22
